 Dungeon Crawl Stone Soup version 0.30-a0-715-gdb4ae3ece1 (webtiles) character file.

Game seed: 15606920489022948179

369 pokeman the Magician (level 6, -1/34 HPs)
             Began as a Deep Elf Hedge Wizard on Jan 23, 2023.
             Slain by Ijyb
             ... wielding a +0 dagger
              (2 damage)
             ... on level 4 of the Dungeon.
             The game lasted 00:07:10 (4995 turns).

pokeman the Magician (Deep Elf Hedge Wizard)        Turns: 4995, Time: 00:07:11

Health: -1/34      AC:  4    Str:  7      XL:     6   Next: 41%
Magic:  2/18       EV: 12    Int: 21      God:
Gold:   173        SH:  0    Dex: 10 (14) Spells: 11/19 levels left

rFire   . . .      SeeInvis .    z - +3 dagger (venom)
rCold   . . .      Faith    .    (no shield)
rNeg    . . .      Spirit   .    b - +0 robe
rPois   .          Reflect  .    k - +0 helmet
rElec   .          Harm     .    j - +0 cloak
rCorr   .          Rampage  .    (no gloves)
Will    .....                    (no boots)
Stlth   ++                       (no amulet)
HPRegen 0.25/turn                (no ring)
MPRegen 0.16/turn                (no ring)

@: on blink cooldown
A: no striking features
a: no special abilities


You were on level 4 of the Dungeon.
You visited 1 branch of the dungeon, and saw 4 of its levels.

You collected 173 gold pieces.

Inventory:

Hand Weapons
 z - a +3 dagger of venom (weapon)
Missiles
 y - a throwing net
Armour
 b - a +0 robe (worn)
 j - a +0 cloak (worn)
 k - a +0 helmet (worn)
Jewellery
 x - an amulet of faith
Wands
 p - a wand of paralysis (17)
 A - a wand of digging (6)
Scrolls
 e - 3 scrolls of silence {unknown}
 f - 6 scrolls of identify {unknown}
 g - 4 scrolls of blinking {unknown}
 l - a scroll of noise {unknown}
 m - a scroll of fear {unknown}
 q - a scroll of immolation {unknown}
 r - a scroll of magic mapping {unknown}
 t - 3 scrolls of teleportation {unknown}
 v - a scroll of enchant armour {unknown}
Potions
 a - 3 potions of haste {unknown}
 c - 2 potions of resistance {unknown}
 d - a potion of magic
 h - a potion of heal wounds {unknown}
 i - a potion of brilliance {unknown}
 n - 2 potions of berserk rage {unknown}
 o - 2 potions of flight {unknown}
 s - 3 potions of curing {unknown}
 u - 2 potions of lignification {unknown}
 w - a potion of mutation {unknown}


   Skills:
 + Level 1.2 Fighting
 - Level 1.0 Armour
 - Level 3.1 Dodging
 - Level 3.3 Stealth
 * Level 7.0 Spellcasting
 + Level 3.3 Conjurations
 + Level 1.1 Summonings
 - Level 1.1 Translocations
 - Level 1.0 Air Magic
 - Level 1.0 Poison Magic
 - Level 1.0 Evocations


You had 11 spell levels left.
You knew the following spells:

 Your Spells              Type           Power      Damage    Failure   Level
a - Magic Dart            Conj           84%        1d7       2%          1
b - Mephitic Cloud        Conj/Pois/Air  14%        N/A       13%         3
c - Call Imp              Summ           12%        N/A       9%          2
d - Blink                 Tloc           24%        N/A       9%          2

Your spell library contained the following spells:

 Spells                   Type           Power      Damage    Failure   Level
 Apportation              Tloc           24%        N/A       5%          1
 Slow                     Hex            28%        N/A       9%          1
 Cigotuvi's Dreadful Rot  Necr/Pois/Air  20%        N/A       10%         2
 Gell's Gravitas          Tloc           12%        N/A       17%         3
 Teleport Other           Tloc           12%        N/A       17%         3
 Alistair's Intoxication  Tmut/Pois      6%         N/A       89%         5
 Dispersal                Tloc           6%         N/A       100%        6


Dungeon Overview and Level Annotations

Branches:
Dungeon (4/15)
 Temple: D:4-7

Altars:
Cheibriados
Makhleb
Sif Muna
Wu Jian

Shops:
D:1 *

Annotations:
D:4 Ijyb


Message History

You completely miss the white imp.
Ijyb cowers and screams, "My head!
Aaaah!
Get out now!"
The white imp hits you. The white imp freezes you.
You hit the quokka but do no damage.
Ijyb seems less confused.
Ijyb barely misses you. The white imp barely misses you.
The quokka closely misses you.
You hit the quokka.
The quokka is poisoned.
The quokka is heavily wounded.
Ijyb misses you.
The white imp shouts, "Scamper away, thou feckless knotty-pated mish-mash!"
The white imp gestures at you. The puff of frost hits you!
The quokka misses you.
You kill the quokka!
You barely miss Ijyb.
Ijyb is almost dead.
Ijyb closely misses you. The white imp misses you.
You barely miss Ijyb.
Ijyb is almost dead.
The white imp gestures at you. The puff of frost hits you!
* * * LOW HITPOINT WARNING * * *
Ijyb misses you.
Casting: Magic Dart (safe; 2% risk of failure)
Confirm with . or Enter, or press ? or * to list all spells.
You blink.
The white imp hits you.
* * * LOW HITPOINT WARNING * * *
The white imp freezes you.
* * * LOW HITPOINT WARNING * * *
The white imp attacks as you move away! The white imp barely misses you.
Ijyb attacks as you move away! Ijyb completely misses you.
Ijyb looks more healthy.
The white imp shouts, "Run away, thou weakly flat-headed nothing!"
Casting: Blink (safe; 9% risk of failure)
Confirm with . or Enter, or press ? or * to list all spells.
You are still too unstable to blink.
Aiming: Paralyse
Press: ? - help, Shift-Dir - straight line, f/p - Ijyb
Aim: Ijyb, wielding a +0 dagger, wearing a +0 leather armour and carrying a wand of mindburst (9) (almost dead, chance to affect: 60%) Ijyb resists with significant effort.
Ijyb hits you with a +0 dagger.
You die...

.#.......# .........#
#####
.§.......###...######
§§§.................. .
§.§............### ##..
.........##..#...###.....
#..>.....###....5...<##..
..........##.###g......P≈
##........##.# #@.......≈
#####.............!..#..
#...........)....# #
#................#
....##..................
.........................
....##................#..
....##.................
....# .......


You could see Ijyb and a white imp.

Vanquished Creatures
  2 quasits
  A hound (D:4)
  An adder (D:3)
  5 white imps (D:4)
  6 dart slugs
  4 orcs (D:3)
  4 ball pythons
  10 endoplasms
  10 giant cockroaches
  4 goblins
  4 hobgoblins
  A jackal (D:2)
  4 quokkas
  3 bats
  A frilled lizard (D:2)
  2 kobolds
  6 rats
68 creatures vanquished.

Vanquished Creatures (collateral kills)
  Duvessa (D:4)
  Dowan (D:4)
  A kobold (D:4)
3 creatures vanquished.

Vanquished Creatures (others)
  4 demonic plants (D:4)
4 creatures vanquished.

Grand Total: 75 creatures vanquished

Notes
Turn   | Place    | Note
-------+----------+-------------------------------------------
     0 | D:1      | pokeman the Deep Elf Hedge Wizard began the quest for the
                  | Orb.
     0 | D:1      | Reached XP level 1. HP: 10/10 MP: 7/7
   123 | D:1      | Reached XP level 2. HP: 15/15 MP: 2/9
   359 | D:1      | Found Nuupa Maki's Assorted Antiques.
   467 | D:1      | Found a faded altar of an unknown god.
   782 | D:1      | Reached skill level 5 in Spellcasting
  1218 | D:1      | Reached XP level 3. HP: 20/20 MP: 6/11
  1222 | D:1      | Learned a level 3 spell: Mephitic Cloud
  1225 | D:1      | Learned a level 2 spell: Call Imp
  1228 | D:1      | Learned a level 2 spell: Blink
  2019 | D:2      | Reached skill level 1 in Armour
  2199 | D:2      | Reached skill level 1 in Fighting
  3026 | D:3      | Found an ornate altar of the Wu Jian Council.
  3026 | D:3      | Found a burning altar of Makhleb.
  3028 | D:3      | Found a shimmering blue altar of Sif Muna.
  3052 | D:3      | Found a snail-covered altar of Cheibriados.
  3512 | D:3      | Reached XP level 4. HP: 25/25 MP: 7/13
  4098 | D:4      | Noticed Duvessa
  4143 | D:4      | HP: 1/25 [Duvessa/+0 short sword (6)]
  4146 | D:4      | Killed Duvessa
  4147 | D:4      | Reached skill level 6 in Spellcasting
  4147 | D:4      | Reached XP level 5. HP: 2/29 MP: 8/15
  4149 | D:4      | Noticed Dowan
  4283 | D:4      | Killed Dowan
  4615 | D:4      | Reached skill level 1 in Poison Magic
  4615 | D:4      | Reached XP level 6. HP: 29/34 MP: 9/17
  4744 | D:4      | Reached skill level 1 in Air Magic
  4968 | D:4      | Noticed Ijyb
  4973 | D:4      | Reached skill level 7 in Spellcasting
  4973 | D:4      | Reached skill level 1 in Evocations
  4993 | D:4      | HP: 1/34 [white imp (5)]
  4995 | D:4      | Slain by Ijyb

Illustrated notes

Levels and vault maps discovered:
D:1:      dpeg_arrival_arbitrary_a, layout_loops_ring, basic_ecumenical_altar,
          serial_shops, shop
D:2:      minmay_recursive_quarters, layout_loops_ring
D:3:      layout_basic, nicolae_overflow_quartered_altars, grunt_ministairs_1,
          item_on_display_a
D:4:      layout_rooms, minmay_temple_entry_statues_pillars, serial_demonic,
          serial_demonic_g, serial_demonic_a, serial_demonic_g,
          serial_demonic_c, uniq_duvessa, uniq_ijyb

Skill      XL: |  1  2  3  4  5  6 |
---------------+-------------------+-----
Spellcasting   | 5 6 7 |  7.0
Armour         | 1 |  1.0
Fighting       | 1 |  1.2
Conjurations   | 2 3 |  3.3
Dodging        | 3 |  3.1
Stealth        | 3 |  3.3
Poison Magic   | 1 |  1.0
Air Magic      | 1 |  1.0
Evocations     | 1 |  1.0
Summonings     | |  1.1
Translocations | |  1.1

Action                     |  1- 3 |  4- 6 || total
---------------------------+-------+-------++-------
  Melee: Dagger            |     4 |    19 ||    23
   Cast: Magic Dart        |   147 |    82 ||   229
         Call Imp          |       |     4 ||     4
         Mephitic Cloud    |       |     3 ||     3
         Blink             |       |     1 ||     1
  Evoke: Wand              |       |     2 ||     2
   Stab: Confused          |       |     2 ||     2
 Armour: Robe              |     3 |    22 ||    25
  Dodge: Dodged            |    16 |    63 ||    79

Table legend: (Time is in decaauts)
 A = Elapsed time spent in this place.
 B = Non-inter-level travel time spent in this place.
 C = Inter-level travel time spent in this place.
 D = Time resting spent in this place.
 E = Time spent auto-exploring this place.
 F = Levels seen in this place.
 G = Mean time per level.
                   A        B        C        D        E       F      G
               +--------+--------+--------+--------+--------+-----+--------+
         Total |   4995 |   4622 |    373 |    252 |   3814 |   4 | 1248.8 |
       Dungeon |   4995 |   4622 |    373 |    252 |   3814 |   4 | 1248.8 |
               +--------+--------+--------+--------+--------+-----+--------+

Top non-repeatable levels by time:
     D:3: 1709 daAuts
     D:1: 1593 daAuts
     D:2: 1192 daAuts
     D:4: 499 daAuts
